 Dungeon Crawl Stone Soup version 0.30-a0-996-ga6910c8ee8 (webtiles) character file.

Game seed: 10637020077247653520

1022 jasper the Magician (level 8, -2/53 (60) HPs)
             Began as a Pale Draconian Earth Elementalist on Apr 4, 2023.
             Slain by a wight
             ... wielding a +3 falchion
              (4 damage)
             ... on level 4 of the Dungeon.
             The game lasted 00:07:08 (3510 turns).

jasper the Magician (DrEE)                          Turns: 3510, Time: 00:07:09

HP:   -2/53 (60)    AC:  8    Str: 11    XL:     8   Next: 2%
MP:   25/25         EV: 12    Int: 17    God:
Gold: 228           SH:  0    Dex: 12    Spells: 8/18 levels left

rFire   . . .      SeeInvis .    s - +1 dagger (venom)
rCold   . . .      Faith    .    (no shield)
rNeg    . . .      Spirit   .    (body armour unavailable)
rPois   .          Reflect  .    (helmet restricted)
rElec   .          Rampage  .    x - +0 cloak
rCorr   .                        l - +0 pair of gloves
Will    .....                    (no boots)
Stlth   ++                       v - amulet of magic regeneration
HPRegen 0.28/turn                h - ring of magical power
MPRegen 0.59/turn                (no ring)

@: short of breath, heavily drained
A: breathe steam, AC +6, unfitting armour, cold-blooded, steam resistance
a: Breathe Steam


You were on level 4 of the Dungeon.
You visited 1 branch of the dungeon, and saw 4 of its levels.

You collected 228 gold pieces.

Inventory:

Hand Weapons
 d - a +0 hand axe
 k - a +0 quarterstaff
 s - a +1 dagger of venom (weapon)
 t - a +4 war axe
Missiles
 e - 28 stones
 y - 6 javelins
Armour
 l - a +0 pair of gloves (worn)
 x - a +0 cloak (worn)
Jewellery
 h - a ring of magical power (left hand)
 n - a ring of fire
 q - an amulet of the acrobat
 u - a +6 ring of intelligence
 v - an amulet of magic regeneration (around neck)
Wands
 o - a wand of roots (3)
 C - a wand of digging (5)
Scrolls
 p - a scroll of amnesia {unknown}
 w - a scroll of torment {unknown}
 z - a scroll of teleportation {unknown}
 A - a scroll of identify {unknown}
Potions
 a - 2 potions of magic
 b - 3 potions of heal wounds {unknown}
 c - a potion of invisibility {unknown}
 f - a potion of cancellation {unknown}
 g - a potion of degeneration {unknown}
 i - 3 potions of curing {unknown}
 j - a potion of brilliance
 m - a potion of mutation {unknown}
 r - 3 potions of might {unknown}
 B - a potion of flight {unknown}


   Skills:
 + Level 1.6 Fighting
 + Level 2.3 Dodging
 - Level 1.7 Stealth
 + Level 5.7 Spellcasting
 * Level 5.1 Conjurations
 - Level 1.0 Transmutations
 - Level 5.0 Earth Magic


You had 8 spell levels left.
You knew the following spells:

 Your Spells              Type           Power      Damage    Failure   Level
a - Sandblast             Erth           42%        2d11      1%          1
b - Passwall              Tmut/Erth      12%        N/A       6%          2
c - Stone Arrow           Conj/Erth      44%        3d9       4%          3
d - Airstrike             Air            2%         2d(1-17)  78%         4

Your spell library contained the following spells:

 Spells                   Type           Power      Damage    Failure   Level
 Static Discharge         Conj/Air       26%        2-4/arc   7%          2
 Petrify                  Tmut/Erth      15%        N/A       36%         4
 Summon Lightning Spire   Summ/Air       4%         N/A       78%         4


Dungeon Overview and Level Annotations

Branches:
Dungeon (4/15)
 Temple: D:4-7

Altars:
Elyvilon
Okawaru
Qazlal

Annotations:
D:3 2 transporters, 3 runed translucent doors, Triskal's ghost, amateur NaWr


Innate Abilities, Weirdness & Mutations

You can breathe blasts of scalding, opaque steam.
Your pale cyan-grey scales are hard. (AC +6)
You cannot fit into any form of body armour.
You are cold-blooded and may be slowed by cold attacks.
You are immune to the effects of steam.


Message History

Press: ? - help, Q - select action, (/) - cycle Shift-Dir - straight line, f/p - wight
Aim: a wight, wielding a +3 falchion and wearing a +0 robe (heavily damaged, 83% to hit)
The blast of sand misses the wight.
The wight hits you with a +3 falchion. The iguana barely misses you.
You take 1 damage, and have 47/58 hp.
The wight barely misses you.
The iguana is engulfed in a cloud of scalding steam.
MP restored: 25 The iguana attacks as you move away!
The iguana closely misses you. The wight attacks as you move away!
The wight hits you but does no damage. The wight attacks as you move away!
The wight hits you with a +3 falchion.
You feel drained.
You take 5 damage, and have 44/56 hp.
The wight hits you with a +3 falchion.
You take 3 damage, and have 41/56 hp.
The wight attacks as you move away! The wight hits you with a +3 falchion!
The iguana attacks as you move away! The iguana barely misses you.
You take 10 damage, and have 31/56 hp.
The wight attacks as you move away! The wight hits you with a +3 falchion.
You take 6 damage, and have 25/56 hp.
The wight attacks as you move away! The wight hits you with a +3 falchion.
You take 4 damage, and have 21/56 hp.
Aiming: Sandblast (safe; 1% risk of failure)
Press: ? - help, Q - select action, (/) - cycle Shift-Dir - straight line, f/p - wight
Aim: a wight, wielding a +3 falchion and wearing a +0 robe (heavily damaged, 83% to hit)
The blast of sand hits the wight.
The wight is severely damaged.
The wight hits you with a +3 falchion.
You feel drained. The wight hits you with a +3 falchion!
* * * LOW HITPOINT WARNING * * *
You take 10 damage, and have 11/55 hp.
Aiming: Sandblast (safe; 1% risk of failure)
Press: ? - help, Q - select action, (/) - cycle Shift-Dir - straight line, f/p - wight
Aim: a wight, wielding a +3 falchion and wearing a +0 robe (severely damaged, 83% to hit)
The blast of sand misses the wight.
The blast of sand hits the iguana!
You kill the iguana!
The wight hits you with a +3 falchion!
* * * LOW HITPOINT WARNING * * *
You feel drained.
You die...

.§....#...# .....
#..## .#.. #...##
## #....#####
##...#...##
##.......#
#.....†.##
#...##z##
#.....@#
#......####
###.......#
#....#†.####
#....#..#..#
#...##..#..###
......##......#
...............#
..............###


You could see a wight.

Vanquished Creatures
  Sigmund (D:2)
  Eustachio (D:4)
  Menkaure (D:4)
  Duvessa (D:4)
  A black bear (D:2)
  A scorpion (D:3)
  A wight (D:4)
  Dowan (D:4)
  A jelly (D:4)
  An iguana (D:4)
  An orc wizard (D:4)
  Robin (D:2)
  4 gnolls (D:4)
  3 adders (D:2)
  2 dart slugs
  16 orcs
  10 bats
  14 endoplasms
  5 giant cockroaches
  12 goblins
  7 hobgoblins
  10 jackals
  5 kobolds
  2 quokkas
  8 ball pythons
  4 frilled lizards
  3 rats
117 creatures vanquished.

Notes
Turn   | Place    | Note
-------+----------+-------------------------------------------
     0 | D:1      | jasper the Draconian Earth Elementalist began the quest for
                  | the Orb.
     0 | D:1      | Reached XP level 1. HP: 14/14 MP: 3/3
   236 | D:1      | Reached XP level 2. HP: 20/20 MP: 1/5
   532 | D:1      | Learned a level 2 spell: Passwall
  1013 | D:2      | Noticed a black bear
  1019 | D:2      | Killed a black bear
  1020 | D:2      | Reached XP level 3. HP: 10/26 MP: 7/7
  1020 | D:2      | Reached XP level 4. HP: 13/33 MP: 9/9
  1028 | D:2      | Learned a level 3 spell: Stone Arrow
  1165 | D:2      | Noticed Sigmund
  1175 | D:2      | Killed Sigmund
  1176 | D:2      | Reached skill level 1 in Conjurations
  1176 | D:2      | Reached XP level 5. HP: 25/38 MP: 11/11
  1238 | D:2      | Reached XP level 6. HP: 44/45 MP: 12/12
  1301 | D:2      | Reached skill level 5 in Earth Magic
  1493 | D:2      | Noticed Robin
  1502 | D:2      | Killed Robin
  2083 | D:3      | Found an iron altar of Okawaru.
  2083 | D:3      | Found a stormy altar of Qazlal.
  2083 | D:3      | Found a white marble altar of Elyvilon.
  2098 | D:3      | Noticed an orc warrior
  2105 | D:3      | Found a transporter.
  2111 | D:3      | Found a transporter.
  2463 | D:3      | Found a runed translucent gate.
  2463 | D:3      | Found a runed translucent gate.
  2464 | D:3      | Found a runed translucent gate.
  2465 | D:3      | Noticed Triskal's ghost (amateur NaWr)
  2468 | D:3      | Identified the +10 short sword of Summu {heavy, +Blink rF-
                  | rN+++ rCorr Int-3}
  3044 | D:4      | Noticed Dowan
  3045 | D:4      | Noticed Duvessa
  3062 | D:4      | Killed Duvessa
  3063 | D:4      | Your scales start taking on a pale cyan-grey colour.
  3063 | D:4      | Reached XP level 7. HP: 17/50 MP: 14/14
  3063 | D:4      | Gained mutation: You are immune to the effects of steam.
                  | [Pale Draconian growth]
  3065 | D:4      | Killed Dowan
  3066 | D:4      | Reached skill level 5 in Spellcasting
  3072 | D:4      | Noticed Menkaure
  3077 | D:4      | Killed Menkaure
  3329 | D:4      | Learned a level 4 spell: Airstrike
  3444 | D:4      | Noticed Eustachio
  3452 | D:4      | Killed Eustachio
  3453 | D:4      | Reached skill level 1 in Fighting
  3453 | D:4      | Reached skill level 5 in Conjurations
  3496 | D:4      | Reached XP level 8. HP: 59/60 MP: 16/16
  3510 | D:4      | HP: 2/55 [wight/+3 falchion (9)]
  3510 | D:4      | Slain by a wight

Illustrated notes

Levels and vault maps discovered:
D:1:      lemuel_arrival_muddy, layout_basic
D:2:      layout_loops_ring, uniq_sigmund, uniq_robin
D:3:      layout_loops_ring, gammafunk_temple_overflow_arena,
          biasface_ghost_orc_armoury
D:4:      layout_cave_pools, grunt_ministairs_11, uniq_menkaure, uniq_duvessa,
          uniq_eustachio

Skill      XL: |  1  2  3  4  5  6  7 |
---------------+----------------------+-----
Spellcasting   | 3 4 5 |  5.7
Earth Magic    | 4 5 |  5.0
Conjurations   | 1 3 5 |  5.1
Dodging        | 2 |  2.3
Fighting       | 1 |  1.6
Stealth        | |  1.7
Transmutations | |  1.0

Action                     |  1- 3 |  4- 6 |  7- 9 || total
---------------------------+-------+-------+-------++-------
  Melee: Unarmed           |     7 |       |       ||     7
         Hand axe          |     1 |       |       ||     1
         Tailslap          |     1 |       |       ||     1
  Throw: Stone             |       |     1 |       ||     1
   Cast: Sandblast         |    36 |   105 |    36 ||   177
         Stone Arrow       |       |       |     3 ||     3
Ability: Breathe Steam     |       |       |     7 ||     7
  Evoke: Wand              |       |     1 |       ||     1
 Armour: Skin              |    10 |    17 |     2 ||    29
  Dodge: Dodged            |    10 |    43 |    11 ||    64

Table legend: (Time is in decaauts)
 A = Elapsed time spent in this place.
 B = Non-inter-level travel time spent in this place.
 C = Inter-level travel time spent in this place.
 D = Time resting spent in this place.
 E = Time spent auto-exploring this place.
 F = Levels seen in this place.
 G = Mean time per level.
                   A        B        C        D        E       F      G
               +--------+--------+--------+--------+--------+-----+--------+
         Total |   3598 |   3463 |    135 |     51 |   2726 |   4 |  899.5 |
       Dungeon |   3598 |   3463 |    135 |     51 |   2726 |   4 |  899.5 |
               +--------+--------+--------+--------+--------+-----+--------+

Top non-repeatable levels by time:
     D:2: 1101 daAuts
     D:1: 1029 daAuts
     D:3: 954 daAuts
     D:4: 512 daAuts
